 Dungeon Crawl Stone Soup version 0.28.0 (webtiles) character file.

Game seed: 11602463281881398152

111 mkm the Firebug (level 4, 0/24 HPs)
             Began as a Gargoyle Fire Elementalist on Feb 10, 2022.
             Slain by a crimson imp (3 damage)
             ... summoned by Natasha
             ... on level 2 of the Dungeon.
             The game lasted 00:06:48 (2941 turns).

mkm the Firebug (Gargoyle Fire Elementalist)        Turns: 2941, Time: 00:06:49

Health: 0/24       AC:  6    Str: 12    XL:     4   Next: 92%
Magic:  4/9        EV: 11    Int: 17    God:
Gold:   115        SH:  0    Dex: 10    Spells: 7/10 levels left

rFire   . . .      SeeInvis .   d - +0 dagger
rCold   . . .      Faith    .   (no shield)
rNeg    + . .      Spirit   .   a - +0 robe
rPois   ∞          Reflect  .   i - +0 helmet
rElec   +          Harm     .   (no cloak)
rCorr   .          Rampage  .   (no gloves)
Will    .....                   (no boots)
Stlth   ++........              (no amulet)
HPRegen 0.08/turn               (no ring)
MPRegen 0.11/turn               (no ring)

@: no status effects
A: sickness immunity, AC +3, negative energy resistance 1, electricity
resistance, torment resistance 1, petrification resistance
a: no special abilities


You were on level 2 of the Dungeon.
You visited 1 branch of the dungeon, and saw 2 of its levels.

You collected 115 gold pieces.

Inventory:

Hand Weapons
 d - a +0 dagger (weapon)
Armour
 a - a +0 robe (worn)
 i - a +0 helmet (worn)
Jewellery
 g - an amulet of faith
Scrolls
 b - 2 scrolls of identify
 c - a scroll of blinking
 e - a scroll of vulnerability {unknown}
 f - a scroll of holy word {unknown}
Potions
 h - 2 potions of flight {unknown}
 j - a potion of curing {unknown}


   Skills:
 - Level 1.5 Dodging
 - Level 2.1 Stealth
 + Level 3.5 Spellcasting
 - Level 1.1 Conjurations
 + Level 4.3 Fire Magic


You had 7 spell levels left.
You knew the following spells:

 Your Spells              Type           Power      Damage    Failure   Level
a - Foxfire               Conj/Fire      48%        2x1d6     5%          1
b - Scorch                Fire           34%        2d6       4%          2

Your spell library contained the following spells:

 Spells                   Type           Power      Damage    Failure   Level
 Conjure Flame            Conj/Fire      12%        6-21      16%         3
 Inner Flame              Hex/Fire       10%        N/A       21%         3
 Flame Wave               Conj/Fire      12%        2d6       47%         4


Dungeon Overview and Level Annotations

Branches:
Dungeon (2/15)

Altars:
Qazlal

Annotations:
D:2 Natasha


Innate Abilities, Weirdness & Mutations

You are immune to sickness and miasma.
Your stone body is resilient. (AC +3)
You are immune to poison.
You resist negative energy. (rN+)
You are resistant to electric shocks. (rElec)
You are resistant to unholy torment.
You are immune to petrification.


Message History

The crimson imp completely misses you. Natasha completely misses you.
Casting: Foxfire (safe; 5% risk of failure)
Confirm with . or Enter, or press ? or * to list all spells.
You conjure some foxfire!
The crimson imp hits you. Natasha claws you.
The foxfire hits Natasha.
Natasha is moderately wounded.
The crimson imp hits you but does no damage.
Natasha claws you.
* * * LOW HITPOINT WARNING * * *
Casting: Foxfire (safe; 5% risk of failure)
Confirm with . or Enter, or press ? or * to list all spells.
You conjure some foxfire!
The crimson imp hits you but does no damage.
Natasha misses you.
The foxfire hits Natasha.
Natasha is heavily wounded.
The crimson imp hits you but does no damage.
Natasha barely misses you.
Casting: Foxfire (safe; 5% risk of failure)
Confirm with . or Enter, or press ? or * to list all spells.
You conjure some foxfire!
The crimson imp blinks!
Natasha claws you.
* * * LOW HITPOINT WARNING * * *
The foxfire hits Natasha.
Natasha is severely wounded.
The crimson imp hits you but does no damage.
Natasha claws you but does no damage.
Casting: Foxfire (safe; 5% risk of failure)
Confirm with . or Enter, or press ? or * to list all spells.
You conjure some foxfire!
The crimson imp closely misses you. Natasha casts a spell at you.
The magic dart hits you but does no damage.
The foxfire hits Natasha.
Natasha is almost dead.
The crimson imp hits you.
* * * LOW HITPOINT WARNING * * *
Natasha misses you.
Casting: Foxfire (safe; 5% risk of failure)
Confirm with . or Enter, or press ? or * to list all spells.
You conjure some foxfire!
The crimson imp hits you.
You die...

...## ....# ..P.# ....#
## ##
♣...#############...#
P..........<......#.#
P.###..#.#.######...
.####.###..# #####.#
.###.##
##.###.h@#.##############
....##
##.##.#v5#.............#
####.##
#.###...#.#########....#
##.# ♣♣#
##.##.########.###.# #.♣
#.##.........## #.. #♣♣
#.#########.#####.# ##♣
♣.....# #.# #...# #.♣
....P#### ##.###.### #.♣♣
.... #...##.##.


You could see Natasha and a crimson imp (summoned, ally target).

Vanquished Creatures
  Natasha (twice) (D:2)
  2 adders (D:2)
  A ball python (D:1)
  6 bats
  3 endoplasms
  6 goblins
  A hobgoblin (D:1)
  7 jackals
  3 quokkas (D:1)
  3 frilled lizards (D:1)
  2 kobolds (D:1)
  4 rats
40 creatures vanquished.

Vanquished Creatures (others)
  113 foxfires
  9 plants (D:2)
122 creatures vanquished.

Grand Total: 162 creatures vanquished

Notes
Turn   | Place    | Note
-------+----------+-------------------------------------------
     0 | D:1      | mkm the Gargoyle Fire Elementalist began the quest for the
                  | Orb.
     0 | D:1      | Reached XP level 1. HP: 10/10 MP: 3/3
   220 | D:1      | Reached XP level 2. HP: 15/15 MP: 1/5
  1026 | D:1      | Reached XP level 3. HP: 19/19 MP: 0/6
  1165 | D:1      | Found a faded altar of an unknown god.
  1651 | D:2      | Learned a level 2 spell: Scorch
  1900 | D:2      | Noticed Natasha
  2287 | D:2      | Killed Natasha
  2288 | D:2      | Reached skill level 4 in Fire Magic
  2288 | D:2      | Reached XP level 4. HP: 14/24 MP: 3/8
  2516 | D:2      | Found a stormy altar of Qazlal.
  2654 | D:2      | Noticed Natasha
  2662 | D:2      | Killed Natasha
  2852 | D:2      | Noticed Natasha
  2941 | D:2      | Slain by a crimson imp

Illustrated notes

Levels and vault maps discovered:
D:1:      minmay_arrival_jagged, layout_basic,
          shapermc_ecumenical_altar_hornbeckon, minmay_bisected
D:2:      layout_loops_ring, serial_forest, infiniplex_forest_clump_double,
          infiniplex_forest_end_2, infiniplex_forest_side_room,
          infiniplex_forest_clump_small, infiniplex_forest_clump_curved,
          infiniplex_forest_corner_1, basic_altar, uniq_natasha

Skill      XL: |  1  2  3 |
---------------+----------+-----
Spellcasting   | 3 |  3.5
Fire Magic     | 4 |  4.3
Dodging        | |  1.5
Stealth        | |  2.1
Conjurations   | |  1.1

Action                   |  1- 3 |  4- 6 || total
-------------------------+-------+-------++-------
Melee: Unarmed           |    15 |       ||    15
       Club              |    12 |       ||    12
       Punch             |     1 |       ||     1
       Dagger            |       |     2 ||     2
 Cast: Foxfire           |    59 |    17 ||    76
  Use: Scroll            |     1 |       ||     1
Armor: Robe              |    29 |    11 ||    40
Dodge: Dodged            |    56 |    20 ||    76
